 Dungeon Crawl Stone Soup version 0.30-a0-305-g026cb31310 (webtiles) character file.

Game seed: 11285846788146038743

2110 scionoferis the Trooper (level 9, -4/57 HPs)
             Began as a Gargoyle Cinder Acolyte on Oct 21, 2022.
             Was a High Priest of Ignis.
             Killed from afar by a rime drake (20 damage)
             ... with a flash freeze
             ... on level 7 of the Dungeon.
             The game lasted 00:20:21 (6700 turns).

scionoferis the Trooper (Gargoyle Cinder Acolyte)   Turns: 6700, Time: 00:20:25

Health: -4/57      AC: 12    Str: 17    XL:     9   Next: 28%
Magic:  1/28       EV: 13    Int: 16    God:    Ignis [*****.]
Gold:   309        SH:  0    Dex: 15    Spells: 19/21 levels left

rFire   + . .      SeeInvis .    b - +0 sling
rCold   + . .      Faith    .    (no shield)
rNeg    + . .      Spirit   .    G - +1 leather armour {rC+}
rPois   ∞          Reflect  .    l - +0 helmet
rElec   +          Harm     .    (no cloak)
rCorr   .          Rampage  .    (no gloves)
Will    .....                    (no boots)
Stlth   +.........               (no amulet)
HPRegen 0.29/turn                x - +6 ring of dexterity
MPRegen 0.21/turn                t - ring of magical power

@: no status effects
A: sickness immunity, AC +6, negative energy resistance 1, electricity
resistance, torment resistance 1, petrification resistance
a: Renounce Religion, Fiery Armour, Foxfire Swarm, Rising Flame


You were on level 7 of the Dungeon.
You worshipped Ignis.
Ignis was extremely pleased with you.
You visited 1 branch of the dungeon, and saw 7 of its levels.

You collected 361 gold pieces.
You spent 52 gold pieces at shops.

Inventory:

Hand Weapons
 a - a +0 whip of electrocution
 b - a +0 sling (weapon)
 p - a +3 dagger of venom
 D - a -1 mace of flaming
Missiles
 h - a throwing net
 B - 10 boomerangs
 C - 40 poisoned darts
Armour
 l - a +0 helmet (worn)
 G - a +1 leather armour of cold resistance (worn)
Magical Staves
 g - a staff of poison
Jewellery
 f - a ring of wizardry
 k - a ring of resist corrosion
 n - a ring of wizardry
 t - a ring of magical power (right hand)
 w - a ring of positive energy
 x - a +6 ring of dexterity (left hand)
 I - a ring of fire
 K - a ring of see invisible
Wands
 y - a wand of digging (5)
Scrolls
 c - 2 scrolls of teleportation
 d - 2 scrolls of fog
 e - 3 scrolls of enchant weapon {unknown}
 i - 2 scrolls of fear {unknown}
 o - 3 scrolls of noise {unknown}
 q - a scroll of enchant armour
 s - 3 scrolls of poison
 v - 3 scrolls of silence
 z - a scroll of torment {unknown}
 A - a scroll of amnesia
 E - a scroll of magic mapping
Potions
 j - a potion of lignification {unknown}
 m - 2 potions of curing
 r - 3 potions of cancellation {unknown}
 u - a potion of brilliance {unknown}
 F - a potion of haste {unknown}
 H - a potion of might {unknown}
 J - 2 potions of ambrosia {unknown}
 L - 2 potions of heal wounds {unknown}
 M - a potion of berserk rage {unknown}


   Skills:
 + Level 7.0 Fighting
 - Level 3.0 Maces & Flails
 - Level 5.0 Armour
 + Level 4.4 Dodging
 + Level 6.9 Spellcasting
 - Level 3.0 Fire Magic


You had 19 spell levels left.
You knew the following spells:

 Your Spells              Type           Power      Damage    Failure   Level
a - Scorch                Fire           30%        2d6       7%          2

Your spell library contained the following spells:

 Spells                   Type           Power      Damage    Failure   Level
 Shock                    Conj/Air       20%        1d4       16%         1
 Call Canine Familiar     Summ           5%         N/A       41%         3
 Portal Projectile        Hex/Tloc       10%        N/A       41%         3
 Swiftness                Air            5%         N/A       41%         3
 Airstrike                Air            2%         2d(1-17)  83%         4
 Anguish                  Hex/Necr       2%         N/A       83%         4
 Leda's Liquefaction      Hex/Erth       2%         N/A       83%         4
 Enfeeble                 Hex            2%         N/A       100%        7


Dungeon Overview and Level Annotations

Branches:
Dungeon (7/15)             Temple (0/1) D:5

Altars:
Hepliaklqana
Nemelex Xobeh
Wu Jian
Yredelemnul

Shops:
D:3 [   D:6 !


Innate Abilities, Weirdness & Mutations

You are immune to sickness and miasma.
Your stone body is resilient. (AC +6)
You are immune to poison.
You resist negative energy. (rN+)
You are resistant to electric shocks. (rElec)
You are resistant to unholy torment.
You are immune to petrification.


Message History

Casting: Scorch (safe; 7% risk of failure)
Confirm with . or Enter, or press ? or * to list all spells.
Flames lash the rime drake.
The rime drake is burned terribly!
The rime drake is heavily wounded.
The rime drake bites you but does no damage.
Casting: Scorch (safe; 7% risk of failure)
Confirm with . or Enter, or press ? or * to list all spells.
Flames lash the rime drake.
The rime drake is burned terribly!
You kill the rime drake!
The ice encasing you melts away.
Your Fighting skill increases to level 7!
Casting: Scorch (safe; 7% risk of failure)
Confirm with . or Enter, or press ? or * to list all spells.
Flames lash the rime drake.
The rime drake is burned terribly!
The rime drake is almost dead.
The rime drake breathes ice at you. The flash freeze hits you!!
You partially resist.
* * * LOW HITPOINT WARNING * * *
You are encased in ice.
You feel better. The rime drake closely misses you.
The rime drake completely misses you.
Casting: Scorch (safe; 7% risk of failure)
Confirm with . or Enter, or press ? or * to list all spells.
Flames lash the rime drake.
The rime drake is burned terribly!
The rime drake is almost dead.
The rime drake closely misses you.
Casting: Scorch (safe; 7% risk of failure)
Confirm with . or Enter, or press ? or * to list all spells.
Flames lash the rime drake.
The rime drake is burned terribly!
The rime drake is almost dead.
The rime drake bites you but does no damage.
Your magical contamination has completely faded away.
Casting: Scorch (safe; 7% risk of failure)
Confirm with . or Enter, or press ? or * to list all spells.
Flames lash the rime drake.
The rime drake is burned terribly!
You kill the rime drake!
The ice encasing you melts away. The rime drake breathes ice at you.
The flash freeze hits you!! You partially resist.
You die...

#####.+.........#
..###..#.....###
#..#...#.###.#
#....#.#.# #.#
..#..#.#####.###
.###...###.....#
####.†###.....#
####k###.....#
#.##@.#.....#
#.###.......#
########### ###


You could see a rime drake (catching breath, combustible).

Vanquished Creatures
  2 rime drakes (D:7)
  Grinder (D:3)
  Eustachio (D:6)
  A water moccasin (D:5)
  An ice beast (D:5)
  A black bear (D:5)
  An ogre (D:6)
  4 kobold brigands
  2 bullfrogs (D:7)
  A necrophage (D:4)
  A gnoll sergeant (D:5)
  A scorpion (D:6)
  2 hounds
  A jelly (D:6)
  2 gnoll boudas
  An iguana (D:5)
  15 gnolls
  9 adders
  A shadow imp (D:6)
  3 ufetubi
  2 worms
  2 dart slugs
  22 orcs
  7 ball pythons
  5 endoplasms
  2 giant cockroaches
  6 goblins
  4 hobgoblins
  6 jackals
  3 quokkas
  5 bats
  3 frilled lizards
  28 kobolds
  3 rats
  A spectral orc (D:5)
150 creatures vanquished.

Notes
Turn   | Place    | Note
-------+----------+-------------------------------------------
     0 | D:1      | scionoferis the Gargoyle Cinder Acolyte began the quest for
                  | the Orb.
     0 | D:1      | Reached XP level 1. HP: 14/14 MP: 2/2
   221 | D:1      | Reached XP level 2. HP: 14/19 MP: 4/4
   226 | D:1      | Learned a level 2 spell: Scorch
   638 | D:1      | Reached skill level 1 in Armour
   947 | D:2      | Reached XP level 3. HP: 23/23 MP: 5/5
  1651 | D:3      | Found Ecuk's Antique Armour Shop.
  1651 | D:3      | Noticed Grinder
  1659 | D:3      | Killed Grinder
  1660 | D:3      | Reached skill level 4 in Fighting
  1660 | D:3      | Reached skill level 1 in Dodging
  1660 | D:3      | Reached XP level 4. HP: 30/30 MP: 5/9
  1660 | D:3      | Reached XP level 5. HP: 34/34 MP: 5/10
  1660 | D:3      | Reached XP level 6. HP: 39/39 MP: 5/11
  3007 | D:4      | Found a hazy altar of Hepliaklqana.
  3227 | D:4      | Reached XP level 7. HP: 40/44 MP: 10/13
  3422 | D:4      | Found an ornate altar of the Wu Jian Council.
  3809 | D:5      | Entered Level 5 of the Dungeon
  3909 | D:5      | Reached skill level 5 in Fighting
  4205 | D:5      | Reached skill level 5 in Spellcasting
  4209 | D:5      | Reached XP level 8. HP: 49/49 MP: 14/15
  4558 | D:5      | Found a staircase to the Ecumenical Temple.
  4899 | D:5      | Found a basalt altar of Yredelemnul.
  5146 | D:6      | Noticed Eustachio
  5163 | D:6      | Killed Eustachio
  5164 | D:6      | Reached skill level 6 in Fighting
  5572 | D:6      | Found a sparkling altar of Nemelex Xobeh.
  5888 | D:6      | Found Jit Egi's Distillery.
  5899 | D:6      | Bought a potion of curing for 39 gold pieces
  5899 | D:6      | Bought a potion of degeneration for 13 gold pieces
  5967 | D:6      | Reached skill level 5 in Armour
  6091 | D:6      | Reached XP level 9. HP: 51/56 MP: 18/18
  6661 | D:7      | Noticed a rime drake
  6661 | D:7      | Noticed a rime drake
  6688 | D:7      | Noticed a rime drake
  6695 | D:7      | Killed a rime drake
  6696 | D:7      | Reached skill level 7 in Fighting
  6700 | D:7      | Killed a rime drake
  6700 | D:7      | Killed from afar by a rime drake

Illustrated notes

Levels and vault maps discovered:
D:1:      matt_arrival_debris, layout_loops_ring
D:2:      layout_rooms, minmay_misc_feat_rows
D:3:      layout_basic, serial_shops, nicolae_shop_hallway_plus, uniq_grinder
D:4:      layout_loops_corners, overflow_temple_1_default,
          nzn_wu_jian_council_hall
D:5:      layout_gridville, yredelemnul_forgotten_temple_becter,
          minmay_temple_entry_overgrown, chequers_serial_rivers_micro_e
D:6:      layout_gridville, mainiacjoe_overflow_alcove_2, serial_shops, shop,
          grunt_ministairs_8, uniq_eustachio
D:7:      layout_loops_cross, hellmonk_guarded_unrand_zhor

Skill      XL: |  1  2  3  4  5  6  7  8  9 |
---------------+----------------------------+-----
Armour         | 1 2 3 5 |  5.0
Spellcasting   | 3 4 5 6 |  6.9
Fighting       | 4 5 6 7 |  7.0
Dodging        | 1 2 3 4 |  4.4
Maces & Flails | |  3.0
Fire Magic     | |  3.0

Action                   |  1- 3 |  4- 6 |  7- 9 || total
-------------------------+-------+-------+-------++-------
Melee: Mace              |    99 |    64 |    22 ||   185
       Punch             |     1 |       |       ||     1
       Whip              |       |       |    86 ||    86
 Fire: Sling             |       |       |    46 ||    46
Throw: Dart              |       |       |     2 ||     2
 Cast: Scorch            |    11 |    43 |   130 ||   184
  Use: Scroll            |       |       |     7 ||     7
       Potion            |       |       |     1 ||     1
Armor: Robe              |    15 |       |       ||    15
       Ring mail         |    30 |    54 |    48 ||   132
       Leather armour    |       |       |    43 ||    43
Dodge: Dodged            |    55 |    44 |   126 ||   225

Table legend: (Time is in decaauts)
 A = Elapsed time spent in this place.
 B = Non-inter-level travel time spent in this place.
 C = Inter-level travel time spent in this place.
 D = Time resting spent in this place.
 E = Time spent auto-exploring this place.
 F = Levels seen in this place.
 G = Mean time per level.
                   A        B        C        D        E       F      G
               +--------+--------+--------+--------+--------+-----+--------+
         Total |   6747 |   6629 |    118 |   1068 |   4329 |   7 |  963.9 |
       Dungeon |   6747 |   6629 |    118 |   1068 |   4329 |   7 |  963.9 |
               +--------+--------+--------+--------+--------+-----+--------+

Top non-repeatable levels by time:
     D:4: 1460 daAuts
     D:5: 1374 daAuts
     D:3: 1186 daAuts
     D:6: 987 daAuts
     D:1: 849 daAuts
     D:2: 527 daAuts
     D:7: 361 daAuts
